 Dungeon Crawl Stone Soup version 0.28-a0-816-gb054d885db (webtiles) character file.

Game seed: 18053221690203309206

9718 emperorscorpion the Thaumaturge (level 11, 0/67 HPs)
             Began as a Djinni Conjurer on Nov 8, 2021.
             Was an Elder of Makhleb.
             Killed from afar by an acid dragon (34 damage)
             ... with a splash of acid
             ... on level 10 of the Dungeon.
             The game lasted 00:35:55 (8033 turns).

emperorscorpion the Thaumaturge (Djinni Conjurer)   Turns: 8033, Time: 00:35:56

Health: 0/67       AC:  0    Str:  4 (6)  XL:     11   Next: 79%
Gold:   1802       EV: 13    Int: 20 (23) God:    Makhleb [****..] SH:  0 Dex: 11 (12)

rFire   + + .      SeeInvis +   s - staff of conjuration
rCold   x . .      Faith    .   (no shield)
rNeg    . . .      Spirit   .   a - +0 robe
rPois   ∞          Reflect  .   h - +0 helmet
rElec   .          Harm     .   g - +0 cloak
rCorr   .          Rampage  .   (no gloves)
Will    ++...                   (boots unavailable)
Stlth   ++........              c - amulet of regeneration
HPRegen 1.21/turn               p - ring of see invisible
MPRegen 0.00/turn               B - ring of willpower

@: mighty, corroded, flying
A: sickness immunity, fire resistance 2, cold vulnerability 1, float, innate
caster, hp casting, extra vitality 1
a: Renounce Religion, Minor Destruction, Lesser Servant of Makhleb, Major
Destruction


You were on level 10 of the Dungeon.
You worshipped Makhleb.
Makhleb was greatly pleased with you.
You visited 2 branches of the dungeon, and saw 11 of its levels.

You collected 1802 gold pieces.

Inventory:

Hand Weapons
 k - a +2 dagger of speed
 l - a +2 short sword of speed
 q - a +0 falchion of electrocution
Missiles
 m - 53 poisoned darts
 v - a throwing net
 w - a curare-tipped dart
 y - 7 boomerangs
Armour
 a - a +0 robe (worn)
 g - a +0 cloak (worn)
 h - a +0 helmet (worn)
 t - a +0 kite shield
Magical Staves
 b - a staff of air
 s - a staff of conjuration (weapon)
Jewellery
 c - an amulet of regeneration (around neck)
 p - a ring of see invisible (left hand)
 A - an amulet of reflection
 B - a ring of willpower (right hand)
 E - an amulet of faith
Wands
 d - a wand of flame (29)
 o - a wand of polymorph (4)
 C - a wand of iceblast (4)
Scrolls
 r - a scroll of immolation
Potions
 e - 3 potions of brilliance
 f - 2 potions of resistance
 i - a potion of ambrosia
 j - 4 potions of curing
 n - 3 potions of haste
 u - 2 potions of lignification
 x - a potion of cancellation


   Skills:
 + Level 1.6 Fighting
 + Level 4.4 Dodging
 + Level 3.6 Stealth
 + Level 13.3 Spellcasting


You had 9 spell levels left.
You knew the following spells:

 Your Spells              Type           Power      Damage    Failure   Level
a - Shock                 Conj/Air       100%       1d9       1%          1
b - Iskenderun's Mystic   Conj/Tloc      79%        2d16      1%          4
c - Dazzling Flash        Conj/Hex       100%       N/A       1%          3
d - Fulminant Prism       Conj/Hex       39%        3d18      1%          4
e - Swiftness             Air            61%        N/A       1%          3
f - Magic Dart            Conj           100%       1d8       1%          1
g - Searing Ray           Conj           100%       2d8       1%          2
h - Inner Flame           Hex/Fire       61%        N/A       1%          3
i - Summon Ice Beast      Ice/Summ       61%        N/A       1%          4
B - Blink                 Tloc           100%       N/A       1%          2
Your spell library was empty.

Dungeon Overview and Level Annotations

Branches:
Dungeon (10/15)            Temple (1/1) D:5            Lair (0/6) D:10
    Orc: D:9-12

Altars:
Ashenzari
Cheibriados
Dithmenos
Elyvilon
Fedhas
Gozag
Hepliaklqana
Kikubaaqudgha
Makhleb
Nemelex Xobeh
Okawaru
Qazlal
Ru
Sif Muna
Trog
Uskayaw
Vehumet
Wu Jian
Xom
Yredelemnul
Zin
The Shining One


Innate Abilities, Weirdness & Mutations

You are immune to sickness and miasma.
You are immune to poison.
Your flesh is very heat resistant. (rF++)
You are vulnerable to cold. (rC-)
You float through the air rather than walking.
You learn spells naturally, not from books.
Your magical power is your life essence.
You have superior vitality. (+4 HP)


Message History

There was something very wrong with that liquid.
You feel weakened.
You feel dopey.
You feel clumsy.
It was a potion of might.
You feel very mighty all of a sudden.
Casting: Iskenderun's Mystic Blast (safe; 1% risk of failure)
Confirm with . or Enter, or press ? or * to list all spells.
You can't see any susceptible monsters within range! (Use Z to cast anyway.)
Casting: Iskenderun's Mystic Blast (safe; 1% risk of failure)
Confirm with . or Enter, or press ? or * to list all spells.
Aiming: Shock (safe; 1% risk of failure)
Press: ? - help, Shift-Dir - straight line, f - acid dragon
Aim: an acid dragon (74% to hit)
You feel a surge of power!
The zap misses the acid dragon.
Casting: Shock (safe; 1% risk of failure)
Confirm with . or Enter, or press ? or * to list all spells.
Aiming: Shock (safe; 1% risk of failure)
Press: ? - help, Shift-Dir - straight line, f/p - acid dragon
Aim: an acid dragon (74% to hit)
You feel a surge of power!
The zap hits the acid dragon!
The acid dragon is moderately wounded.
Casting: Shock (safe; 1% risk of failure)
Confirm with . or Enter, or press ? or * to list all spells.
You feel a surge of power!
You erupt in a blast of force!
The mystic blast hits the plant!!
The plant begins to die.
The plant is lightly damaged.
The mystic blast hits the acid dragon!
The acid dragon is heavily wounded.
The acid dragon is knocked back by the mystic blast.
Unknown command.
Casting: Iskenderun's Mystic Blast (safe; 1% risk of failure)
Confirm with . or Enter, or press ? or * to list all spells.
Aiming: Shock (safe; 1% risk of failure)
Press: ? - help, Shift-Dir - straight line, f/p - acid dragon
Aim: an acid dragon (heavily wounded, 74% to hit)
You feel a surge of power!
The zap hits the acid dragon!
The acid dragon is almost dead.
The acid dragon spits acid at you. The splash of acid hits you!!
Ouch! That really hurt!
You die...

..................
........................
♣......................#
..PP..........................#
##......♣.......D.............<##
#.....................<.....####
#P..P......................##
............................##
.†............P.@............####
.......>......................#..
†).P....P..P......###########.>..
..†....P..♣........ ##...
#......PP.......[.## ##..
#.P♣..............# #..
##.........P......# #..
.##..P.....P......# #..
..###..P.P........# #..


You could see an acid dragon (catching breath).

Vanquished Creatures
  Harold (D:8)
  A deep elf pyromancer (D:10)
  Maggie (D:10)
  A shadow (D:10)
  4 wyverns
  A vampire (D:7)
  3 wraiths
  A basilisk (D:10)
  10 yaks
  A steam dragon (D:10)
  7 water moccasins
  3 sky beasts
  An ice beast (D:7)
  An ogre (D:4)
  7 orc warriors
  5 centaurs
  2 kobold brigands
  Blork the orc (D:5)
  5 scorpions
  10 bullfrogs
  A wyvern skeleton (D:7)
  A wyvern zombie (D:7)
  A water moccasin zombie (D:7)
  9 killer bees
  3 wights (D:8)
  2 howler monkeys (D:10)
  5 centaur zombies
  A hound (D:3)
  4 orc priests
  2 centaur skeletons (D:7)
  A gnoll shaman (D:7)
  Jessica (D:2)
  Ijyb (D:5)
  6 iguanas
  4 orc wizards
  Natasha (twice) (D:4)
  2 adders
  3 gnolls (D:4)
  A howler monkey skeleton (D:7)
  A shadow imp (D:7)
  A white imp (D:8)
  An ufetubus (D:5)
  An adder skeleton (D:4)
  A worm (D:2)
  7 dart slugs
  32 orcs
  9 ball pythons
  7 endoplasms
  3 giant cockroaches
  7 goblins
  10 hobgoblins
  11 jackals
  4 quokkas
  8 bats
  3 frilled lizards
  17 kobolds
  7 rats
246 creatures vanquished.

Vanquished Creatures (others)
  43 fulminant prisms
  3 fungi (D:10)
  15 plants
61 creatures vanquished.

Grand Total: 307 creatures vanquished

Notes
Turn   | Place    | Note
-------+----------+-------------------------------------------
     0 | D:1      | emperorscorpion the Djinni Conjurer began the quest for the
                  | Orb.
     0 | D:1      | Reached XP level 1. HP: 15/15 MP: 0/0
   237 | D:1      | Reached XP level 2. HP: 20/21 MP: 0/0
   443 | D:1      | Reached XP level 3. HP: 25/25 MP: 0/0
   443 | D:1      | Learned a level 1 spell: Shock
   522 | D:1      | Reached skill level 4 in Spellcasting
   910 | D:2      | You are sucked into a shaft and drop 1 floor!
   993 | D:2      | Reached XP level 4. HP: 31/31 MP: 0/0
  1082 | D:2      | Identified a scroll of acquirement
  1082 | D:2      | Acquired 1263 gold pieces
  1097 | D:2      | Noticed Jessica
  1103 | D:2      | Killed Jessica
  1566 | D:2      | Reached XP level 5. HP: 35/35 MP: 0/0
  1566 | D:2      | Learned a level 2 spell: Blink
  1946 | D:3      | Found a faded altar of an unknown god.
  2091 | D:3      | Reached skill level 5 in Spellcasting
  2411 | D:3      | Found an ornate altar of the Wu Jian Council.
  2734 | D:4      | Reached XP level 6. HP: 36/40 MP: 0/0
  2778 | D:4      | Noticed Natasha
  2781 | D:4      | Killed Natasha
  2830 | D:4      | Found an opulent altar of Gozag.
  2933 | D:4      | Noticed Natasha
  2939 | D:4      | Killed Natasha
  3005 | D:4      | Noticed an ogre
  3011 | D:4      | Killed an ogre
  3012 | D:4      | Reached skill level 6 in Spellcasting
  3012 | D:4      | Reached XP level 7. HP: 39/45 MP: 0/0
  3012 | D:4      | Learned a level 3 spell: Swiftness
  3347 | D:5      | Entered Level 5 of the Dungeon
  3384 | D:5      | Noticed a water moccasin
  3387 | D:5      | Killed a water moccasin
  3388 | D:5      | Reached skill level 7 in Spellcasting
  3388 | D:5      | Reached XP level 8. HP: 41/50 MP: 0/0
  3431 | D:5      | Noticed Blork the orc
  3434 | D:5      | Killed Blork the orc
  3465 | D:5      | Found a white marble altar of Elyvilon.
  3471 | D:5      | Found a hide-covered altar of Uskayaw.
  3573 | D:5      | Found a staircase to the Ecumenical Temple.
  3579 | Temple   | Entered the Ecumenical Temple
  3620 | Temple   | Became a worshipper of Makhleb the Destroyer
  3988 | D:5      | Noticed Ijyb
  3993 | D:5      | Killed Ijyb
  4372 | D:6      | Found a broken altar of Ashenzari.
  4397 | D:6      | Reached skill level 8 in Spellcasting
  4526 | D:6      | Found a sparkling altar of Nemelex Xobeh.
  4526 | D:6      | Found a snail-covered altar of Cheibriados.
  4533 | D:6      | Found a blossoming altar of Fedhas.
  4535 | D:6      | Found an iron altar of Okawaru.
  4537 | D:6      | Found a glowing silver altar of Zin.
  4758 | D:7      | Reached XP level 9. HP: 30/56 MP: 0/0
  4758 | D:7      | Learned a level 3 spell: Inner Flame
  4758 | D:7      | Reached * piety under Makhleb
  4838 | D:7      | Reached skill level 9 in Spellcasting
  5286 | D:7      | Reached skill level 1 in Fighting
  5404 | D:7      | Reached skill level 10 in Spellcasting
  5421 | D:7      | Reached XP level 10. HP: 51/62 MP: 0/0
  5502 | D:7      | Reached ** piety under Makhleb
  6077 | D:8      | Reached skill level 11 in Spellcasting
  6126 | D:8      | Noticed Harold
  6140 | D:8      | Killed Harold
  6430 | D:8      | Found a hazy altar of Hepliaklqana.
  6874 | D:9      | Reached skill level 12 in Spellcasting
  6874 | D:9      | Reached XP level 11. HP: 67/67 MP: 0/0
  6874 | D:9      | Learned a level 4 spell: Summon Ice Beast
  6876 | D:9      | Reached *** piety under Makhleb
  7452 | D:10     | Entered Level 10 of the Dungeon
  7458 | D:10     | Noticed Maggie
  7473 | D:10     | Killed Maggie
  7672 | D:10     | Found a staircase to the Lair.
  7675 | D:10     | Noticed a deep elf pyromancer
  7681 | D:10     | Killed a deep elf pyromancer
  7682 | D:10     | Reached skill level 13 in Spellcasting
  7686 | D:10     | Reached **** piety under Makhleb
  8033 | D:10     | Killed from afar by an acid dragon

Illustrated notes

Levels and vault maps discovered:
D:1:      saegor_arrival_simple_a, layout_basic
D:2:      layout_loops_ring, serial_forest, infiniplex_forest_corner_1,
          infiniplex_forest_pool, infiniplex_forest_end_2,
          infiniplex_forest_clump_long, infiniplex_forest_lined_4_way,
          infiniplex_forest_lined_corner, infiniplex_forest_end_3,
          minmay_quantized, uniq_jessica
D:3:      layout_basic, mainiacjoe_overflow_catwalk,
          ebering_ecumenical_altar_ruins
D:4:      layout_loops_cross, mainiacjoe_overflow_brackets,
          nicolae_sif_muna_condensation, dk_noncrumbling_2, uniq_natasha
D:5:      layout_loops_ring, grunt_temple_overflow_open,
          minmay_temple_entry_fiery, uniq_ijyb, uniq_blork_the_orc
D:6:      layout_cave_pools, ashenzari_altar_1,
          chequers_temple_overflow_minitemple, chequers_arboretum
D:7:      nzn_winding_woodlands_medium [nzn_winding_woodlands_hourglass,
          nzn_winding_woodlands_5x15_twine,
          nzn_winding_woodlands_5x5_checkerboard,
          nzn_winding_woodlands_5x5_open_star,
          nzn_winding_woodlands_center_lodge, nzn_winding_woodlands_5x5_cross,
          nzn_winding_woodlands_5x5_three, nzn_winding_woodlands_5x15_crooked,
          nzn_winding_woodlands_5x5_default], layout_loops_corners,
          kennysheep_potato
D:8:      layout_gridville, nzn_hepliaklqana_mist_gate, uniq_harold
D:9:      layout_long_grid, kennysheep_generic_room_15
D:10:     layout_cave_pods, minmay_lair_entry_grove, orc_0_dummy, uniq_maggie
Temple:   eino_wide_crystal_templ

Skill      XL: |  1  2  3  4  5  6  7  8  9 10 11 |
---------------+----------------------------------+-----
Spellcasting   | 4 5 6 7 8 10 12 13 | 13.3
Stealth        | 2 3 |  3.6
Dodging        | 3 4 |  4.4
Fighting       | 1 |  1.6

Action                   |  1- 3 |  4- 6 |  7- 9 | 10-12 || total
-------------------------+-------+-------+-------+-------++-------
Melee: Staff             |       |    12 |     2 |       ||    14
 Cast: Magic Dart        |    34 |       |       |       ||    34
       Shock             |    31 |   101 |   126 |    56 ||   314
       Iskenderun's Myst |       |     8 |    48 |    57 ||   113
       Fulminant Prism   |       |     2 |    10 |    31 ||    43
       Blink             |       |     2 |       |     2 ||     4
       Searing Ray       |       |       |     2 |       ||     2
  Use: Scroll            |     1 |     4 |     5 |     8 ||    18
       Potion            |       |       |       |     2 ||     2
Armor: Robe              |     1 |     3 |     5 |     6 ||    15
Dodge: Dodged            |     1 |    12 |    17 |    13 ||    43

Table legend: (Time is in decaauts)
 A = Elapsed time spent in this place.
 B = Non-inter-level travel time spent in this place.
 C = Inter-level travel time spent in this place.
 D = Time resting spent in this place.
 E = Time spent auto-exploring this place.
 F = Levels seen in this place.
 G = Mean time per level.
                   A        B        C        D        E       F      G
               +--------+--------+--------+--------+--------+-----+--------+
         Total |   8043 |   7465 |    578 |     20 |   6229 |  11 |  731.2 |
       Dungeon |   7987 |   7423 |    564 |     20 |   6212 |  10 |  798.7 |
        Temple |     56 |     42 |     14 |      0 |     17 |   1 |   56.0 |
               +--------+--------+--------+--------+--------+-----+--------+

Top non-repeatable levels by time:
     D:7: 1401 daAuts
     D:2: 1002 daAuts
     D:1: 856 daAuts
     D:3: 784 daAuts
     D:5: 771 daAuts
     D:9: 718 daAuts
     D:4: 714 daAuts
     D:8: 580 daAuts
    D:10: 580 daAuts
     D:6: 576 daAuts
  Temple: 56 daAuts
